 Dungeon Crawl Stone Soup version 0.16-a0-3134-g9b1347a (webtiles) character file.

105 Grim the Gusty (level 4, 0/24 HPs)
             Began as a Tengu Air Elementalist on Dec 14, 2014.
             Killed from afar by an orc wizard (8 damage)
             ... with a magic dart
             ... on level 4 of the Dungeon.
             The game lasted 00:13:05 (3512 turns).

Grim the Gusty (Tengu Air Elementalist)             Turns: 3512, Time: 00:13:05

Health: 0/24       AC:  2    Str:  8    XL:     4   Next: 83%
Magic:  4/8        EV: 12    Int: 16    God:
Gold:   126        SH:  0    Dex: 15    Spells: 1 memorised, 6 levels left

rFire  . . .     SeeInvis .     l - +0 spear
rCold  . . .     Clarity  .     a - +0 robe
rNeg   . . .     SustAb   .     (no shield)
rPois  .         Gourm    .     (helmet restricted)
rElec  .         Spirit   .     (no cloak)
rCorr  .         Warding  .     (no gloves)
rMut   +         Stasis   .     (boots unavailable)
MR     .....                    n - amulet of resist mutation
Stlth  +.........               (no ring)
                                (no ring)

@: confused, not resistant to hostile enchantments, very unstealthy
A: beak, talons 3
a: no special abilities


You were on level 4 of the Dungeon.
You were not hungry.

You visited 1 branch of the dungeon, and saw 4 of its levels.

You collected 126 gold pieces.

Inventory:

Hand weapons
 l - a +0 spear (weapon)
Armour
 a - a +0 robe (worn)
Jewellery
 n - an amulet of resist mutation (around neck)
Scrolls
 f - a scroll of random uselessness {unknown}
 g - a scroll of remove curse
 h - a scroll of identify {unknown}
 k - a scroll of noise {unknown}
 p - a scroll of teleportation {unknown}
Potions
 e - a potion of lignification {unknown}
 i - 3 potions of curing {unknown}
 j - a potion of ambrosia {unknown}
 m - a potion of poison {unknown}
 r - a potion of beneficial mutation {unknown}
Books
 b - a book of Air

   Spells                             Type                      Level
   a - Shock                          Conjuration/Air              1
   b - Swiftness                      Charms/Air                   2
   c - Repel Missiles                 Charms/Air                   2
   d - Flight                         Charms/Air                   3
   e - Static Discharge               Conjuration/Air              3
   f - Lightning Bolt                 Conjuration/Air              5
Comestibles
 c - a bread ration
 d - 2 beef jerkies
 o - 3 fruits
 q - 2 slices of pizza


   Skills:
 - Level 2.1 Dodging
 - Level 2.0 Stealth
 - Level 2.0 Spellcasting
 - Level 1.3 Conjurations
 + Level 7.1 Air Magic


You had 6 spell levels left.
You knew the following spells:

 Your Spells              Type           Power        Failure   Level  Hunger
a - Shock                 Conj/Air       ###.         4%          1    #......


Dungeon Overview and Level Annotations

Branches:
Dungeon (4/15)
 Temple: D:4-7

Altars:
Okawaru


Innate Abilities, Weirdness & Mutations

You have a beak for a mouth.
You have claws for feet.


Message History

The orc wizard barely misses you.
You hear some strange, mumbled words.
The puff of flame hits you!
* * * LOW HITPOINT WARNING * * *
The orc wizard barely misses you.
In your confused state, you trip and fall down the stairs.
* * * LOW HITPOINT WARNING * * *
You climb downwards.
A bat comes into view.
Found 13 gold pieces and 20 sling bullets.
There is a stone staircase leading up here.
The orc wizard barely misses you. Something hits you.
* * * LOW HITPOINT WARNING * * *
In your confused state, you trip and fall back down the stairs.
* * * LOW HITPOINT WARNING * * *
The orc wizard hits you with a dagger.
* * * LOW HITPOINT WARNING * * *
You hear some strange, mumbled words.
The magic dart hits you!
You die...

#..
#.#...
#.#.... .
##...(.
...
##.....
..#.....
....b#
#..{#####
#@....$#
#o####.#
..# #.##
.. .## .
#


You could see an orc wizard and a bat.

Vanquished Creatures
  2 adders (D:2)
  5 worms
  A giant gecko (D:3)
  An ooze (D:1)
  3 orcs (D:3)
  8 bats
  3 giant cockroaches
  6 goblins
  4 hobgoblins
  3 giant newts
  4 jackals (D:2)
  6 kobolds
  7 rats
53 creatures vanquished.

Notes
Turn   | Place    | Note
--------------------------------------------------------------
     0 | D:1      | Grim, the Tengu Air Elementalist, began the quest for the Orb.
     0 | D:1      | Reached XP level 1. HP: 10/10 MP: 3/3
   194 | D:1      | Reached XP level 2. HP: 13/15 MP: 0/5
   425 | D:1      | Reached skill level 5 in Air Magic
  1619 | D:2      | Found an iron altar of Okawaru.
  1652 | D:2      | Reached XP level 3. HP: 19/19 MP: 0/7
  1937 | D:2      | Reached skill level 6 in Air Magic
  2355 | D:2      | Reached XP level 4. HP: 22/24 MP: 5/8
  3268 | D:3      | Reached skill level 7 in Air Magic
  3512 | D:4      | Killed from afar by an orc wizard

Action                   |  1- 3 |  4- 6 || total
-------------------------+-------+-------++-------
Melee: Unarmed           |    11 |       ||    11
       Dagger            |     2 |       ||     2
       Spear             |    14 |    19 ||    33
 Cast: Shock             |    68 |    47 ||   115
  Use: Scroll            |     1 |       ||     1
  Eat: Chunk             |     6 |     4 ||    10
